General information
- name: BNet
- type: Ladder team game (AT/RT)
- host: Battle.net
- saver: Heilige
map: Cherryville
- players: 8
- length: 30:34
- speed: Fast
- version: 1.26 W3XP
- replay type: Public
» download(173 KB)
Players
team 1 (winner)

»
LOLatRT (
teal | 75 APM | 404 actions | 05:24)
2 Goblin Tinker
1 Pocket Factory
1 Engineering Upgrade
» actions
| Assign group hotkey | 47 | |
| Basic commands | 10 | |
| Build / train | 17 | |
| Enter build submenu | 10 | |
| Enter hero's abilities submenu | 2 | |
| Right click | 169 | |
| Select / deselect | 59 | |
| Select group hotkey | 68 | |
| Use ability | 22 | |
404 total
» units
» buildings
| Crypt | 2 | |
| Ziggurat | 3 | |
| Altar of Darkness | 1 | |
| Tomb of Relics | 1 | |
| Halls of the Dead | 1 | |
| Graveyard | 2 | |
10 total
» build order
00:36 Crypt
00:42 Ziggurat
01:12 Ziggurat
01:15 Crypt
01:29 Altar of Darkness
01:40 Ziggurat
01:53 Tomb of Relics
03:45 Halls of the Dead
04:28 Graveyard
04:41 Graveyard
» items
BeautifulMornin (
red | 60 APM | 1831 actions | 30:34)
6 Archmage
3 Summon Water Elemental
2 Brilliance Aura
1 Mass Teleport
» actions
| Assign group hotkey | 65 | |
| Basic commands | 94 | |
| Build / train | 76 | |
| Enter build submenu | 65 | |
| Enter hero's abilities submenu | 6 | |
| Give item / drop item | 4 | |
| Remove unit from queue | 2 | |
| Right click | 623 | |
| Select / deselect | 350 | |
| Select group hotkey | 388 | |
| Use ability | 158 | |
1831 total
» units
| Peasant | 13 | |
| Footman | 5 | |
| Goblin Shredder | 2 | |
| Goblin Sapper | 7 | |
| Dragonhawk Rider | 4 | |
| Gryphon Rider | 2 | |
33 total
» upgrades
| Masonry | 3 | |
| Lumber Harvesting | 1 | |
| Swords | 3 | |
| Armor | 3 | |
| Animal War Training | 1 | |
| Storm Hammers | 1 | |
| Cloud | 1 | |
13 total
» buildings
| Altar of Kings | 1 | |
| Barracks | 1 | |
| Farm | 17 | |
| Arcane Vault | 1 | |
| Keep | 1 | |
| Lumber Mill | 1 | |
| Town Hall | 2 | |
| Scout Tower | 32 | |
| Guard Tower | 7 | |
| Castle | 1 | |
| Blacksmith | 2 | |
| Gryphon Aviary | 8 | |
74 total
» build order
00:38 Altar of Kings
00:39 Barracks
00:52 Farm
01:07 Farm
01:08 Farm
01:59 Farm
03:12 Arcane Vault
04:14 Keep
04:16 Lumber Mill
04:38 Town Hall
04:40 Scout Tower
04:40 Scout Tower
04:41 Scout Tower
04:41 Scout Tower
05:35 Guard Tower
06:09 Scout Tower
06:38 Guard Tower
06:41 Scout Tower
06:42 Scout Tower
06:48 Scout Tower
06:51 Scout Tower
06:57 Scout Tower
07:03 Scout Tower
07:47 Guard Tower
08:51 Scout Tower
08:53 Scout Tower
08:57 Scout Tower
09:01 Guard Tower
09:03 Scout Tower
09:06 Scout Tower
09:09 Scout Tower
09:11 Scout Tower
10:26 Guard Tower
10:32 Guard Tower
12:19 Castle
12:24 Blacksmith
12:26 Blacksmith
12:39 Farm
15:47 Gryphon Aviary
15:48 Gryphon Aviary
15:51 Gryphon Aviary
15:52 Gryphon Aviary
15:57 Gryphon Aviary
16:04 Gryphon Aviary
17:20 Farm
17:23 Farm
17:32 Farm
18:05 Farm
20:54 Town Hall
21:00 Scout Tower
21:01 Scout Tower
21:01 Scout Tower
21:05 Scout Tower
21:06 Scout Tower
21:08 Scout Tower
21:09 Scout Tower
21:10 Scout Tower
21:12 Scout Tower
21:13 Scout Tower
21:15 Scout Tower
21:16 Scout Tower
21:19 Scout Tower
21:23 Scout Tower
21:46 Guard Tower
22:06 Guard Tower
22:33 Gryphon Aviary
22:37 Gryphon Aviary
22:47 Farm
22:47 Farm
22:47 Farm
22:50 Farm
22:51 Farm
22:52 Farm
22:53 Farm
22:53 Farm
» items
| Scroll of Regeneration | 3 | |
| Potion of Healing | 3 | |
| Boots of Speed | 1 | |
| Staff of Teleportation | 1 | |
| Scroll of Town Portal | 2 | |
| Periapt of Vitality | 2 | |
12 total
PleaseWork (
pink | 53 APM | 1587 actions | 30:01)
6 Shadow Hunter
3 Serpent Ward
2 Healing Wave
1 Big Bad Voodoo
» actions
| Assign group hotkey | 11 | |
| Build / train | 65 | |
| Enter build submenu | 30 | |
| Enter hero's abilities submenu | 6 | |
| Remove unit from queue | 3 | |
| Right click | 701 | |
| Select / deselect | 304 | |
| Select group hotkey | 327 | |
| Use ability | 140 | |
1587 total
» units
» upgrades
| Armor | 2 | |
| Melee Weapons | 3 | |
| Berserker Strength | 1 | |
| Ensnare | 1 | |
| Pillage | 1 | |
8 total
» buildings
| Altar of Storms | 1 | |
| Barracks | 2 | |
| Orc Burrow | 15 | |
| War Mill | 1 | |
| Voodoo Lounge | 1 | |
| Stronghold | 1 | |
| Beastiary | 3 | |
| Great Hall | 2 | |
| Fortress | 1 | |
27 total
» build order
00:48 Altar of Storms
01:05 Barracks
01:16 Barracks
02:07 Orc Burrow
02:33 Orc Burrow
02:46 War Mill
03:12 Voodoo Lounge
03:37 Orc Burrow
04:35 Stronghold
06:59 Beastiary
07:01 Beastiary
07:06 Orc Burrow
10:20 Orc Burrow
11:45 Orc Burrow
12:46 Orc Burrow
13:33 Great Hall
20:20 Great Hall
20:23 Orc Burrow
21:56 Orc Burrow
21:57 Orc Burrow
21:59 Orc Burrow
23:21 Fortress
24:15 Orc Burrow
24:18 Orc Burrow
24:19 Orc Burrow
24:27 Beastiary
28:44 Orc Burrow
» items
| Boots of Speed | 1 | |
| Potion of Invisibility | 1 | |
| Staff of Teleportation | 1 | |
| Healing Salve | 6 | |
| Lesser Clarity Potion | 4 | |
| Scroll of Town Portal | 1 | |
| Potion of Mana | 1 | |
15 total
thequestionmark (
yellow | 24 APM | 664 actions | 27:36)
6 Pandaren Brewmaster
2 Drunken Haze
2 Breath of Fire
1 Drunken Brawler
1 Storm Earth and Fire
3 Blood Mage
2 Flame Strike
1 Banish
» actions
| Basic commands | 9 | |
| Build / train | 76 | |
| Enter build submenu | 27 | |
| Enter hero's abilities submenu | 10 | |
| Right click | 175 | |
| Select / deselect | 307 | |
| Use ability | 60 | |
664 total
» units
| Peasant | 21 | |
| Rifleman | 4 | |
| Priest | 6 | |
| Spell Breaker | 5 | |
| Mortar Team | 8 | |
44 total
» upgrades
| Gunpowder | 3 | |
| Armor | 3 | |
| Lumber Harvesting | 2 | |
| Priest Training | 2 | |
| Long Rifles | 1 | |
| Flare | 1 | |
| Fragmentation Shards | 1 | |
| Plating | 1 | |
| Swords | 2 | |
16 total
» buildings
| Altar of Kings | 1 | |
| Farm | 16 | |
| Barracks | 2 | |
| Lumber Mill | 1 | |
| Blacksmith | 1 | |
| Keep | 1 | |
| Arcane Vault | 1 | |
| Town Hall | 1 | |
| Workshop | 2 | |
| Arcane Sanctum | 1 | |
| Castle | 1 | |
28 total
» build order
01:45 Altar of Kings
01:49 Farm
01:56 Barracks
02:05 Farm
02:22 Lumber Mill
02:29 Blacksmith
04:12 Barracks
04:20 Farm
04:53 Keep
05:57 Farm
06:00 Farm
06:09 Arcane Vault
07:29 Town Hall
08:04 Workshop
08:06 Arcane Sanctum
08:31 Farm
08:41 Workshop
10:46 Farm
10:51 Farm
12:00 Farm
12:09 Farm
12:12 Farm
12:16 Farm
12:22 Castle
14:33 Farm
14:35 Farm
14:36 Farm
14:38 Farm
team 2 (loser)
Heilige (
blue | 115 APM | 3519 actions | 30:34)
10 Goblin Tinker
3 Engineering Upgrade
3 Pocket Factory
1 Robo-Goblin
3 Cluster Rockets
» actions
| Assign group hotkey | 93 | |
| Basic commands | 134 | |
| Build / train | 161 | |
| ESC pressed | 11 | |
| Enter build submenu | 56 | |
| Enter hero's abilities submenu | 12 | |
| Give item / drop item | 7 | |
| Right click | 953 | |
| Select / deselect | 443 | |
| Select group hotkey | 1464 | |
| Use ability | 185 | |
3519 total
» units
| Peasant | 16 | |
| Footman | 13 | |
| Gryphon Rider | 8 | |
| Goblin Shredder | 4 | |
| Dragonhawk Rider | 6 | |
| Frost Wyrm | 2 | |
49 total
» upgrades
| Masonry | 3 | |
| Defend | 1 | |
| Lumber Harvesting | 2 | |
| Swords | 3 | |
| Armor | 3 | |
| Storm Hammers | 1 | |
| Animal War Training | 1 | |
| Cloud | 1 | |
| Backpack | 1 | |
| Creature Carapace | 1 | |
17 total
» buildings
| Altar of Kings | 1 | |
| Barracks | 1 | |
| Farm | 10 | |
| Town Hall | 2 | |
| Lumber Mill | 1 | |
| Scout Tower | 32 | |
| Arcane Tower | 8 | |
| Keep | 3 | |
| Blacksmith | 1 | |
| Arcane Vault | 1 | |
| Guard Tower | 27 | |
| Castle | 4 | |
| Gryphon Aviary | 4 | |
95 total
» build order
00:09 Altar of Kings
00:11 Barracks
00:20 Farm
00:55 Farm
01:39 Farm
02:15 Farm
03:15 Farm
04:01 Town Hall
04:17 Lumber Mill
04:26 Scout Tower
04:58 Arcane Tower
04:58 Arcane Tower
05:53 Keep
05:54 Keep
06:45 Scout Tower
06:47 Scout Tower
06:48 Scout Tower
06:49 Scout Tower
06:51 Scout Tower
07:12 Blacksmith
08:01 Arcane Vault
08:19 Guard Tower
08:19 Guard Tower
08:20 Guard Tower
08:27 Castle
08:27 Castle
08:27 Castle
09:27 Gryphon Aviary
09:28 Gryphon Aviary
10:06 Guard Tower
10:06 Guard Tower
10:06 Guard Tower
10:11 Guard Tower
10:11 Guard Tower
11:21 Farm
13:13 Scout Tower
13:16 Scout Tower
13:19 Scout Tower
13:23 Scout Tower
13:49 Guard Tower
13:50 Guard Tower
13:50 Arcane Tower
16:38 Gryphon Aviary
16:41 Gryphon Aviary
16:44 Farm
17:16 Farm
17:59 Farm
18:01 Farm
22:43 Scout Tower
22:44 Scout Tower
22:45 Scout Tower
23:27 Scout Tower
23:28 Scout Tower
23:28 Scout Tower
23:29 Scout Tower
23:29 Scout Tower
23:46 Guard Tower
23:47 Guard Tower
23:49 Scout Tower
23:50 Scout Tower
23:50 Scout Tower
23:53 Scout Tower
23:53 Scout Tower
23:54 Scout Tower
23:55 Scout Tower
23:56 Scout Tower
23:59 Town Hall
24:09 Guard Tower
24:09 Guard Tower
24:10 Guard Tower
24:32 Guard Tower
24:32 Guard Tower
24:32 Guard Tower
24:41 Scout Tower
24:42 Scout Tower
24:44 Scout Tower
24:46 Scout Tower
24:46 Scout Tower
24:48 Scout Tower
27:13 Arcane Tower
27:13 Arcane Tower
27:14 Arcane Tower
27:14 Guard Tower
27:14 Guard Tower
» items
| Scroll of Town Portal | 4 | |
| Scroll of Regeneration | 4 | |
| Ivory Tower | 2 | |
| Boots of Speed | 1 | |
| Periapt of Vitality | 1 | |
| Staff of Teleportation | 1 | |
| Orb of Venom | 1 | |
| Potion of Healing | 3 | |
| Lesser Clarity Potion | 1 | |
18 total

»
CAM_Practice (
orange | 55 APM | 1157 actions | 20:54)
4 Blood Mage
2 Flame Strike
2 Siphon Mana
2 Mountain King
1 Storm Bolt
1 Bash
» actions
| Assign group hotkey | 17 | |
| Build / train | 59 | |
| Enter build submenu | 23 | |
| Enter hero's abilities submenu | 6 | |
| Right click | 547 | |
| Select / deselect | 225 | |
| Select group hotkey | 246 | |
| Use ability | 33 | |
1157 total
» units
| Peasant | 13 | |
| Rifleman | 18 | |
| Dragonhawk Rider | 6 | |
| Gryphon Rider | 2 | |
39 total
» upgrades
| Gunpowder | 1 | |
| Armor | 1 | |
| Masonry | 1 | |
| Lumber Harvesting | 1 | |
| Long Rifles | 1 | |
| Swords | 2 | |
7 total
» buildings
| Altar of Kings | 1 | |
| Farm | 10 | |
| Barracks | 1 | |
| Arcane Vault | 1 | |
| Blacksmith | 1 | |
| Keep | 1 | |
| Scout Tower | 2 | |
| Lumber Mill | 1 | |
| Guard Tower | 2 | |
| Gryphon Aviary | 1 | |
| Town Hall | 2 | |
| Castle | 1 | |
24 total
» build order
00:10 Altar of Kings
00:15 Farm
00:57 Barracks
01:17 Farm
02:08 Arcane Vault
02:42 Blacksmith
03:18 Farm
04:03 Farm
05:21 Keep
05:26 Scout Tower
05:54 Lumber Mill
06:05 Farm
06:57 Guard Tower
07:07 Farm
07:50 Gryphon Aviary
07:56 Farm
08:40 Scout Tower
09:11 Guard Tower
09:19 Farm
11:13 Town Hall
13:17 Farm
13:34 Castle
14:10 Farm
16:53 Town Hall
» items

»
BoilandBubble (
green | 35 APM | 706 actions | 19:59)
3 Keeper of the Grove
2 Entangling Roots
1 Thorns Aura
2 Priestess of the Moon
1 Trueshot Aura
1 Searing Arrows
» actions
| Assign group hotkey | 20 | |
| Basic commands | 122 | |
| Build / train | 67 | |
| Enter build submenu | 21 | |
| Enter hero's abilities submenu | 5 | |
| Give item / drop item | 2 | |
| Right click | 110 | |
| Select / deselect | 154 | |
| Select group hotkey | 159 | |
| Use ability | 46 | |
706 total
» units
| Wisp | 23 | |
| Huntress | 10 | |
| Archer | 2 | |
| Druid of the Talon | 5 | |
| Hippogryph | 1 | |
41 total
» upgrades
| Ultravision | 1 | |
| Sentinel | 1 | |
| Strength of the Moon | 3 | |
| Moon Armor | 3 | |
| Druid of the Talon Training | 2 | |
| Well Spring | 1 | |
| Upgrade Moon Glaive | 1 | |
| Nature's Blessing | 1 | |
| Mark of the Talon | 1 | |
| Corrosive Breath | 1 | |
15 total
» buildings
| Altar of Elders | 1 | |
| Moon Well | 7 | |
| Hunter's Hall | 1 | |
| Ancient of War | 1 | |
| Tree of Ages | 1 | |
| Ancient of Wonders | 1 | |
| Ancient Protector | 4 | |
| Tree of Life | 2 | |
| Ancient of Wind | 1 | |
| Tree of Eternity | 1 | |
| Chimaera Roost | 1 | |
21 total
» build order
00:08 Altar of Elders
00:12 Moon Well
01:11 Hunter's Hall
01:46 Ancient of War
02:19 Moon Well
02:41 Moon Well
03:38 Tree of Ages
04:04 Ancient of Wonders
04:33 Ancient Protector
05:37 Ancient Protector
07:19 Moon Well
08:45 Tree of Life
08:53 Ancient of Wind
09:02 Moon Well
12:00 Tree of Eternity
12:15 Tree of Life
13:21 Ancient Protector
15:22 Chimaera Roost
15:38 Moon Well
16:27 Moon Well
17:20 Ancient Protector
» items
| Potion of Healing | 1 | |
| Scroll of Town Portal | 1 | |
2 total

»
Matteo (
purple | 31 APM | 650 actions | 20:49)
3 Crypt Lord
2 Carrion Beetles
1 Impale
» actions
| Build / train | 50 | |
| Enter build submenu | 18 | |
| Enter hero's abilities submenu | 3 | |
| Right click | 415 | |
| Select / deselect | 138 | |
| Use ability | 26 | |
650 total
» units
| Acolyte | 4 | |
| Ghoul | 3 | |
| Crypt Fiend | 4 | |
| Gargoyle | 5 | |
| Frost Wyrm | 9 | |
25 total
» upgrades
| Web | 1 | |
| Creature Attack | 3 | |
| Freezing Breath | 1 | |
5 total
» buildings
| Altar of Darkness | 1 | |
| Crypt | 1 | |
| Ziggurat | 9 | |
| Graveyard | 1 | |
| Nerubian Tower | 4 | |
| Halls of the Dead | 1 | |
| Tomb of Relics | 1 | |
| Spirit Tower | 5 | |
| Black Citadel | 1 | |
| Sacrificial Pit | 1 | |
| Boneyard | 2 | |
27 total
» build order
00:08 Altar of Darkness
00:14 Crypt
00:18 Ziggurat
02:03 Graveyard
02:11 Nerubian Tower
02:55 Halls of the Dead
02:59 Ziggurat
03:14 Tomb of Relics
03:56 Spirit Tower
05:22 Black Citadel
05:27 Sacrificial Pit
05:53 Ziggurat
08:36 Spirit Tower
10:00 Boneyard
10:05 Boneyard
11:28 Ziggurat
11:34 Ziggurat
12:42 Nerubian Tower
12:43 Spirit Tower
13:37 Ziggurat
16:38 Ziggurat
16:40 Ziggurat
16:42 Ziggurat
16:49 Nerubian Tower
20:24 Spirit Tower
20:25 Nerubian Tower
20:28 Spirit Tower
» items
| Potion of Healing | 2 | |
| Potion of Mana | 1 | |
| Scroll of Town Portal | 1 | |
4 total
Chat log
(00:14 / All) Heilige: Nazi Army Choir turns HEIL into a tune. Heilige, Heilige, Heilila-la-la!
(00:37 / All) thequestionmark: alright kill the nazi
(00:43 / All) Heilige: Nicht
(00:52 / All) thequestionmark: ja
(00:58 / All) Heilige: NICHT.
(01:07 / All) thequestionmark: you mean nein
(01:17 / All) thequestionmark: u aint german... lmao
(01:17 / All) Heilige: JAG TALAR INTE TYSKA
(01:33 / All) Heilige: TYSKA ÄR INTE MIN MAMMA SPRÄK
(01:43 / All) Heilige: JAG KOMMER FRÅN SPQR
(01:49 / All) Heilige: DEN SENATUS POPULUS ROMANUS
(01:57 / All) PleaseWork: Lol latin
(02:06 / All) Heilige: DEN ÄR SVENSKA
(02:12 / All) thequestionmark: its alien
(02:18 / All) Heilige: Racist
(02:48 / All) Heilige: NICHT AND NEIN BOTH MEAN NO BTW
(02:55 / All) Heilige: BUT JAG TALAR INTE TYSKA SO I DUNNO THE DIFFERENCE
(03:20 / All) PleaseWork: MINIME
(03:22 / All) Heilige: WUNDING IN DAS LAND!
(03:42 / All) thequestionmark: u dont answer are question in german with nicht....
(03:48 / All) Heilige: PEDICABO EGO VOS ET IRRUMABO GOOD SIR
(04:00 / All) PleaseWork: I don't know those verbs
(04:06 / All) PleaseWork: What will you do to me?
(04:13 / Allies) BoilandBubble: too strong oj
(04:26 / All) PleaseWork: Only in Latin III right now
(04:34 / All) Heilige: I WILL SODOMIZE YOU AND FACEFUCK YOU
(04:36 / All) Heilige: CATULLUS POEM
(04:37 / All) Heilige: SOHN
(04:53 / All) Heilige: NON INTELLIGENTEM LINGUA LATINA MI AMICE
(05:03 / Allies) CAM_Practice: b
(05:10 / All) Heilige: SUP
(05:11 / All) LOLatRT: so glad they have map hack
(05:13 / All) Heilige: CANCEL YOUR EXPO
(05:14 / All) LOLatRT: dude u ahck
(05:16 / All) Heilige: THAT WAS ACTUALLY LUCk
(05:16 / All) LOLatRT: ist blatant
(05:18 / All) Heilige: I WAS SCOUTING EXPOS
(05:18 / All) LOLatRT: gg im out
(05:21 / All) Heilige: AND WENT TO THIS ONE FIRST
(05:21 / All) LOLatRT: dude u ahck
(05:22 / All) Heilige: LOL OK
(05:23 / All) thequestionmark: no
(05:25 / All) thequestionmark: stay
(05:30 / All) Heilige: HE GETS YOUR EXPO HE MUST HACK!
(05:36 / All) Heilige: I WENT TICKER HARASS BUILD
(05:41 / All) Heilige: OF FUCKING COURSE I GO TO EXPOS SOHN
(10:47 / All) BeautifulMornin: sdafkl;sadfkjsadf
(10:56 / All) BeautifulMornin: I think green mhs
(11:59 / All) Heilige: Green do you maphack?
(12:04 / All) Heilige: Ran right into his shredder
(12:05 / All) Heilige: lucky
(12:18 / All) Heilige: No reason for you to go there
(12:23 / Allies) CAM_Practice: lumber
(12:35 / Allies) CAM_Practice: th
(14:50 / All) BeautifulMornin: wow
(15:11 / All) thequestionmark: dicks shoulda told me u were attacking
(18:35 / All) PleaseWork: LOLOL
(18:39 / All) PleaseWork: Okay now I'm convinced too
(18:41 / All) PleaseWork: Green
(18:42 / All) PleaseWork: Stop
(18:50 / All) Heilige: He is a filthy maphacker
(18:52 / All) Heilige: I'm teamkilling
(18:56 / All) Heilige: I don't like this scum on my team
(18:58 / All) Heilige: I agree pink
(19:41 / Allies) BoilandBubble: blue tked
(19:45 / All) Heilige: Green is a mher
(19:47 / All) Heilige: I'm killing my team
(19:50 / All) Heilige: I don't give mhers wins
(20:08 / All) Heilige: Good
(20:56 / All) Heilige: Filthy mher
(20:57 / All) PleaseWork: Lol how??
(21:01 / All) PleaseWork: Oh
(21:02 / All) PleaseWork: Nvm
(21:25 / All) thequestionmark: cant get a decent game now days
(21:37 / All) PleaseWork: Nope
(21:41 / All) PleaseWork: Its pretty impossible
(22:10 / All) thequestionmark: map hackers btw are automaticly kicked off of bnet man
(22:10 / All) PleaseWork: Lol 1v4?
(22:12 / All) PleaseWork: Les do this
(22:25 / All) Heilige: Alright
(22:36 / All) Heilige: The Third Reich shall be victorious! SIEG HEIL!
(22:52 / All) thequestionmark: so if u ever wonder y somebody leaves a game 3 secs after it starts thats prob the reason
(23:38 / All) Heilige: Thanks for the level 6
(23:39 / All) thequestionmark: hes an idiot
(23:42 / All) Heilige: I love call to arms like that
(26:28 / All) BeautifulMornin: Don't worry, boys. The cavalry shall soon arrive.
(27:30 / All) Heilige: Don't even need the cavalry lol
(27:38 / All) Heilige: I legit 1v4ed this
(27:43 / All) Heilige: How does it feel pink?
(27:45 / All) Heilige: You doubted me
(28:25 / All) PleaseWork: Yellow decided to be a tard and let his base get destroyed
(28:28 / All) PleaseWork: Otherwise we'd be fine
(28:33 / All) Heilige: He also called to arms which was funny
(29:02 / All) BeautifulMornin: No we can't we are doomed
(29:14 / All) PleaseWork: Red's being a fag
(29:17 / All) PleaseWork: You get him to do it?
(29:19 / All) PleaseWork: Great
(29:20 / All) BeautifulMornin: they lost the game for us
(29:25 / All) PleaseWork: Stfu red
(29:27 / All) PleaseWork: You're an ass
(29:28 / All) BeautifulMornin: Can't win anyway
(29:33 / All) PleaseWork: Uhuh
(29:33 / All) PleaseWork: Yeah
(29:39 / All) Heilige: pedicabo tu quoque
(29:39 / All) BeautifulMornin: you guys fed him to level 6 he is unkillable now
(29:50 / All) BeautifulMornin: tanks are impervious to bullets
(30:10 / All) BeautifulMornin: what team to win?
(30:12 / All) Heilige: I didn't lose a unit
(30:15 / All) Heilige: in that fight
(30:19 / All) BeautifulMornin: Let's let pink get a tie
(30:20 / All) Heilige: I say my team
(30:25 / All) Heilige: Because green is mh
(30:30 / All) BeautifulMornin: Yeah
(30:34 / All) Heilige: Off I go!